 Dungeon Crawl Stone Soup version 0.28.0-49-g6dfe1f597d (console) character file.

Game seed: 3006929998171568560

1011 Faeu the Chopper (level 8, -1/71 HPs)
             Began as a Minotaur Berserker on May 12, 2022.
             Was a Priest of Trog.
             Succumbed to Duvessa's poison
             ... on level 4 of the Dungeon.
             The game lasted 00:08:53 (4555 turns).

Faeu the Chopper (Minotaur Berserker)               Turns: 4555, Time: 00:08:53

Health: -1/71      AC: 15    Str: 24    XL:     8   Next: 1%
Magic:  7/7        EV:  8    Int:  4    God:    Trog [***...]
Gold:   74         SH:  0    Dex: 10    Spells: 7/7 levels left

rFire   . . .      SeeInvis .   e - +3 whip (elec) {mace}
rCold   . . .      Faith    .   (no shield)
rNeg    . . .      Spirit   .   u - +0 plate armour
rPois   .          Reflect  .   (helmet restricted)
rElec   .          Harm     .   r - +0 cloak
rCorr   .          Rampage  .   (no gloves)
Will    .....                   j - +0 pair of boots
Stlth   ..........              (no amulet)
HPRegen 0.21/turn               (no ring)
MPRegen 0.10/turn               (no ring)

@: lethally poisoned (-1 -> -56)
A: horns 2, retaliatory headbutt
a: Renounce Religion, Berserk, Trog's Hand


You were on level 4 of the Dungeon.
You worshipped Trog.
Trog was most pleased with you.
You visited 1 branch of the dungeon, and saw 4 of its levels.

You collected 74 gold pieces.


Innate Abilities, Weirdness & Mutations

You have a pair of horns on your head.
You reflexively headbutt those who attack you in melee.


   Skills:
 + Level 6.5 Fighting
 + Level 6.7 Axes
 + Level 6.0 Armour
 + Level 5.4 Dodging


You had 7 spell levels left.
You didn't know any spells.
Your spell library contained the following spells:

 Spells                   Type           Power      Damage    Failure   Level
 Airstrike                Air            0%         N/A       100%        4
 Summon Ice Beast         Ice/Summ       0%         N/A       100%        4
 Summon Lightning Spire   Summ/Air       0%         N/A       100%        4
 Lightning Bolt           Conj/Air       0%         1d11      100%        5
 Summon Mana Viper        Hex/Summ       0%         N/A       100%        5
 Monstrous Menagerie      Summ           0%         N/A       100%        7

Inventory:

Hand Weapons
 a - a +0 hand axe {axe}
 c - a +2 short sword of electrocution {short}
   (You took it off a kobold on level 1 of the Dungeon)
 e - a +3 whip of electrocution (weapon) {mace}
   (You took it off a kobold on level 1 of the Dungeon)
 k - a +2 dagger of venom {short}
   (You took it off a goblin on level 1 of the Dungeon)
Armour
 b - a +0 animal skin
 j - a +0 pair of boots (worn)
   (You found it on level 1 of the Dungeon)
 r - a +0 cloak (worn)
   (You found it on level 3 of the Dungeon)
 s - a +0 pair of gloves
   (You found it on level 3 of the Dungeon)
 u - a +0 plate armour (worn)
   (You found it on level 3 of the Dungeon)
Jewellery
 n - an amulet of reflection
   (You found it on level 2 of the Dungeon)
Wands
 w - a wand of mindburst (16)
   (You took it off Pikel on level 4 of the Dungeon)
Scrolls
 d - a scroll of enchant weapon {unknown}
 f - a scroll of amnesia {unknown}
 g - 2 scrolls of teleportation {unknown}
 i - 3 scrolls of magic mapping {unknown}
 l - 2 scrolls of identify {unknown}
 p - a scroll of vulnerability {unknown}
 t - 3 scrolls of torment {unknown}
Potions
 h - 3 potions of mutation {unknown}
 m - a potion of heal wounds {@q2}
 o - a potion of flight {unknown}
 q - a potion of magic {unknown}
 v - 2 potions of lignification {unknown}
 x - a potion of resistance {unknown}
 z - 2 potions of might {unknown}

Dungeon Overview and Level Annotations

Branches:
Dungeon (4/15)
 Temple: D:4-7

Altars:
Elyvilon
Qazlal
Uskayaw

Shops:
D:1 ?   D:2 [

Annotations:
D:4 Duvessa

## #.###.......# #.รท...########
#####..#......# ........#
#.........###)##### .........
#.........#........ ........# #
#.........#........ ........#.#
#.........#........ ........#.
########.##........ .........
#.##.....<..
........#############.####.#####
.............)e@......# #......
........############### #.####.
........# #.# #. #.####### #.#
#. # #.####. #.#.... #.#.###
#.#.### #.#.... #.##### #.#####


You could see Duvessa (berserk).


Message History

Dowan, Brother of Duvessa comes into view.
He is wielding a +0 dagger.
Dowan shouts!
A howler monkey skeleton comes into view.
Dowan casts a spell at you. The puff of flame hits you. ๐Ÿ˜• HP[-3]
You take 3 damage, and now have 61/64 hp. ๐Ÿ˜• HP[+1]
You hit Dowan. Lightning courses through Dowan!!
You kill Dowan!
Trog accepts your kill.
Trog appreciates your killing of a magic user.
You hear a distant scream of rage.
You have reached level 8!
You feel agile. ๐Ÿ˜• HP[+7] MP[+1]
You now have 71 max hp (+7).
You regained 7 hp, and now have 69/71 hp.
Your mp is fully restored (7). ๐Ÿ˜• HP[+1]
Things that are here:
a +0 dagger {short}; a +0 robe; the elf corpse of Dowan ๐Ÿ˜Ž HP[+1]
Things that are here:
a +0 dagger {short}; a +0 robe; the elf corpse of Dowan The howler monkey skeleton hits you but does no damage.
You hit the howler monkey skeleton.
The howler monkey skeleton barely misses you.
You furiously retaliate!
You headbutt the howler monkey skeleton.
You whack the howler monkey skeleton!
You destroy the howler monkey skeleton!
Trog accepts your kill.
Your Armour skill increases to level 6!
Things that are here:
a +0 dagger {short}; a +0 robe; the elf corpse of Dowan Duvessa, Sister of Dowan comes into view.
She is wielding a +3 short sword of venom, wearing a +0 ring mail of cold resistance and carrying a wand of digging (1).
Duvessa shouts!
Duvessa goes berserk!
Duvessa rages.
Duvessa rages.
Things that are here:
a +0 dagger {short}; a +0 robe; the elf corpse of Dowan You closely miss Duvessa.
Duvessa hits you but does no damage.
You are poisoned.
You closely miss Duvessa.
You feel sick. Duvessa closely misses you. You furiously retaliate!
You headbutt Duvessa, but do no damage. ๐Ÿ˜• HP[-2]
You take 2 damage, and now have 69/71 hp.
You completely miss Duvessa.
You feel sick.
Duvessa hits you with a +3 short sword of venom!
You are more poisoned.
Duvessa hits you with a +3 short sword of venom!
You are more poisoned. ๐Ÿ˜ฎ HP[-24]
You take 24 damage, and now have 45/71 hp.
MASSIVE DAMAGE!! (PAUSE)
You closely miss Duvessa.
You feel extremely sick.
Duvessa hits you but does no damage. ๐Ÿ˜ฎ HP[-8]
You take 8 damage, and now have 37/71 hp.
You hit Duvessa. Lightning courses through Duvessa!
* * * LOW HITPOINT WARNING * * *
You feel very sick.
Duvessa hits you but does no damage. ๐Ÿ˜จ HP[-6]
You take 6 damage, and now have 31/71 hp.
You hit Duvessa but do no damage.
* * * LOW HITPOINT WARNING * * *
You feel very sick.
Duvessa hits you with a +3 short sword of venom!
* * * LOW HITPOINT WARNING * * *
You are more poisoned.
Duvessa hits you with a +3 short sword of venom!
* * * LOW HITPOINT WARNING * * *
You are more poisoned. ๐Ÿ˜ฑ HP[-22]
You take 22 damage, and now have 9/71 hp.
MASSIVE DAMAGE!! (PAUSE) It was a potion of heal wounds.
You feel much better.
* * * LOW HITPOINT WARNING * * *
You feel extremely sick.
Duvessa hits you with a +3 short sword of venom.
* * * LOW HITPOINT WARNING * * *
You are more poisoned. ๐Ÿ˜ฑ HP[+3]
You regained 3 hp, and now have 12/71 hp.
You feel much better.
* * * LOW HITPOINT WARNING * * *
You feel extremely sick.
Duvessa hits you with a +3 short sword of venom.
* * * LOW HITPOINT WARNING * * *
You are more poisoned.
Duvessa hits you with a +3 short sword of venom.
* * * LOW HITPOINT WARNING * * *
๐Ÿ˜ฑ HP[-2]
You take 2 damage, and now have 10/71 hp.
You hit Duvessa but do no damage. Your headbutt misses Duvessa.
You die...

Skill      XL: |  1  2  3  4  5  6  7  8 |
---------------+-------------------------+-----
Fighting       | 4 5 6 |  6.5
Axes           | 4 5 6 |  6.7
Armour         | 3 4 5 6 |  6.0
Dodging        | 3 4 5 |  5.4

Action                   |  1- 3 |  4- 6 |  7- 9 || total
-------------------------+-------+-------+-------++-------
Melee: Hand axe          |    70 |    23 |       ||    93
       Headbutt          |    10 |    11 |     3 ||    24
       Whip              |       |    69 |    33 ||   102
       Punch             |       |     1 |       ||     1
  Use: Potion            |       |       |     2 ||     2
Armor: Animal skin       |    12 |    13 |       ||    25
       Plate armour      |       |    16 |    11 ||    27
Dodge: Dodged            |    44 |    60 |     5 ||   109

Levels and vault maps discovered:
D:1:      giann_wishing_wells, layout_loops_ring, serial_shops,
          nicolae_shop_statue_plus, chequers_serial_rivers_micro_a
D:2:      layout_basic, basic_altar, serial_shops, nicolae_shop_trees,
          grunt_decor_junction, uniq_jessica, uniq_natasha
D:3:      layout_basic, nicolae_overflow_hidden_temple,
          nicolae_qazlal_general_emergency
D:4:      layout_basic, elyvilon_altar_1, uniq_duvessa, uniq_robin, uniq_pikel,
          uniq_blork_the_orc

Notes
Turn   | Place    | Note
-------+----------+-------------------------------------------
     0 | D:1      | Faeu the Minotaur Berserker began the quest for the Orb.
     0 | D:1      | Reached XP level 1. HP: 19/19 MP: 0/0
     0 | D:1      | magus.rc [v1.9.6]
   215 | D:1      | Reached XP level 2. HP: 21/27 MP: 1/1
   384 | D:1      | Found Foatrebo's Magic Scroll Shop.
   411 | D:1      | Reached skill level 4 in Fighting
   411 | D:1      | Reached skill level 4 in Axes
   755 | D:1      | You pick up a book of Storms {forbidden} and begin
                  | reading...
   755 | D:1      | You add the spells Airstrike, Summon Lightning Spire and
                  | Lightning Bolt to your library.
   927 | D:1      | Reached skill level 3 in Armour
   927 | D:1      | Reached XP level 3. HP: 26/33 MP: 2/2
  1444 | D:2      | Reached ** piety under Trog
  1627 | D:2      | Reached skill level 3 in Dodging
  1692 | D:2      | Found Sinalu's Armour Shop.
  1698 | D:2      | Noticed Natasha
  1704 | D:2      | Killed Natasha
  1705 | D:2      | Reached XP level 4. HP: 33/41 MP: 3/3
  1889 | D:2      | Found a hide-covered altar of Uskayaw.
  1943 | D:2      | Noticed Natasha
  1949 | D:2      | Killed Natasha
  2080 | D:2      | Noticed Jessica
  2084 | D:2      | Killed Jessica
  2085 | D:2      | Reached XP level 5. HP: 47/47 MP: 4/4
  2091 | D:2      | You pick up a book of Beasts {forbidden} and begin
                  | reading...
  2091 | D:2      | You add the spells Summon Ice Beast, Summon Mana Viper and
                  | Monstrous Menagerie to your library.
  2586 | D:3      | Reached skill level 4 in Armour
  2834 | D:3      | Found a stormy altar of Qazlal.
  2865 | D:3      | Reached skill level 5 in Axes
  3264 | D:4      | Noticed an ogre
  3358 | D:4      | Noticed Blork the orc
  3370 | D:4      | Killed Blork the orc
  3371 | D:4      | Reached skill level 5 in Fighting
  3371 | D:4      | Reached XP level 6. HP: 31/56 MP: 5/5
  3399 | D:4      | Reached skill level 4 in Dodging
  3596 | D:4      | Noticed Robin
  3612 | D:4      | Killed Robin
  3755 | D:4      | Reached *** piety under Trog
  3850 | D:4      | Noticed Pikel
  3886 | D:4      | Killed Pikel
  3887 | D:4      | Reached skill level 6 in Fighting
  3887 | D:4      | Reached skill level 6 in Axes
  3887 | D:4      | Reached skill level 5 in Armour
  3887 | D:4      | Reached XP level 7. HP: 63/63 MP: 6/6
  3903 | D:4      | Reached skill level 5 in Dodging
  4055 | D:4      | Found a white marble altar of Elyvilon.
  4493 | D:4      | Noticed Dowan
  4501 | D:4      | Killed Dowan
  4502 | D:4      | Reached XP level 8. HP: 69/71 MP: 7/7
  4528 | D:4      | Reached skill level 6 in Armour
  4538 | D:4      | Noticed Duvessa
  4552 | D:4      | HP: 17/71 [Duvessa/+3 short sword of venom (8)]
  4555 | D:4      | Succumbed to Duvessa's poison

Vanquished Creatures
  Pikel (D:4)
  An ogre (D:4)
  A lemure (D:4)
  Blork the orc (D:4)
  2 scorpions (D:4)
  Dowan (D:4)
  An orc priest (D:3)
  Jessica (D:2)
  Natasha (twice) (D:2)
  An iguana (D:4)
  Robin (D:4)
  2 gnolls (D:1)
  A howler monkey skeleton (D:4)
  3 adders
  An adder skeleton (D:4)
  2 worms
  3 orcs
  9 ball pythons
  2 endoplasms (D:3)
  3 giant cockroaches
  4 hobgoblins
  8 jackals
  7 kobolds
  4 quokkas
  6 bats
  6 frilled lizards
  14 goblins
  5 rats
93 creatures vanquished.

Table legend:
 A = Non-vault XP
 B = Vault XP
 C = Vault XP percentage of total XP
 D = Non-vault monster count
 E = Vault monster count
 F = Vault count percentage of total count
                 A         B        C        D         E       F
            +---------+---------+-------+---------+---------+-------
      Total |     588 |     857 |  59.3 |      75 |      17 |  18.5
            +---------+---------+-------+---------+---------+-------
        D:1 |      52 |       0 |   0.0 |      19 |       0 |   0.0
        D:2 |      95 |      73 |  43.5 |      24 |       2 |   7.7
        D:3 |      81 |       0 |   0.0 |      17 |       0 |   0.0
        D:4 |     360 |     784 |  68.5 |      15 |      15 |  50.0
            +---------+---------+-------+---------+---------+-------

Illustrated notes

Table legend:
 A = Kills in this place as a percentage of kills in entire the game.
 B = Kills by you in this place as a percentage of kills by you in the entire game.
 C = Kills by friends in this place as a percentage of kills by friends in the entire game.
 D = Other kills in this place as a percentage of other kills in the entire game.
 E = Experience gained in this place as a percentage of experience gained in the entire game.
 F = Experience gained in this place divided by the number of levels of this place that you have seen.
                   A       B       C       D       E      F
               +-------+-------+-------+-------+-------+----------------------
         Total | 100.0 | 100.0 |   N/A |   N/A | 100.0 | 361.2
       Dungeon | 100.0 | 100.0 |   N/A |   N/A | 100.0 | 361.2
               +-------+-------+-------+-------+-------+----------------------

Table legend: (Time is in decaauts)
 A = Elapsed time spent in this place.
 B = Non-inter-level travel time spent in this place.
 C = Inter-level travel time spent in this place.
 D = Time resting spent in this place.
 E = Time spent auto-exploring this place.
 F = Levels seen in this place.
 G = Mean time per level.
                   A        B        C        D        E       F      G
               +--------+--------+--------+--------+--------+-----+--------+
         Total |   4566 |   4451 |    115 |    193 |   3419 |   4 | 1141.5 |
       Dungeon |   4566 |   4451 |    115 |    193 |   3419 |   4 | 1141.5 |
               +--------+--------+--------+--------+--------+-----+--------+

Top non-repeatable levels by time:
     D:4: 1219 daAuts
     D:1: 1219 daAuts
     D:2: 1193 daAuts
     D:3: 933 daAuts
